[Event "EWCCC Online Preliminary-C 2020"]
[Site "Online"]
[Date "2020.12.19"]
[Round "6.1"]
[White "Mihevc-Mohr, Narcisa"]
[Black "Johannsdottir, Johanna Bjorg"]
[Result "0-1"]
[ECO "B35"]
[WhiteElo "1974"]
[BlackElo "1935"]
[Annotator "NA"]
[PlyCount "68"]
[EventDate "2020.12.19"]
[EventType "team-tourn"]
[EventCountry "NET"]
[SourceTitle "playchess.com"]
[Source "ChessBase"]
[SourceQuality "1"]
[TimeControl "900+5"]

1. e4 c5 2. Nf3 g6 3. d4 cxd4 4. Nxd4 Nc6 5. Nc3 Bg7 6. Be3 Nf6 7. Bc4 O-O 8. Bb3 Ng4 9. Qxg4 Nxd4 10. Qh4 Ne6 11. Nd5 Bxb2 12. Rd1 Re8 13. f4 Qa5+ 14. Bd2 Qc5 15. Bb4 Qc6 16. Bxe7 Bc3+ 17. Nxc3 Qxc3+ 18. Rd2 Qe3+ 19. Re2 Qc1+ 20. Kf2 Qxf4+ 21. Kg1 Nd4 22. Re1 Qxh4 23. Bxh4 d6 24. Bg3 Bg4 25. h3 Ne2+ 26. Kf2 Nxg3 27. Kxg3 Be6 28. Kf4 Rac8 29. Rd1 Bxb3 30. cxb3 Rc2 31. g4 Re6 32. a4 Rc3 33. Rb1 h6 34. h4 Rf6# 0-1

[Event "EWCCC Online Preliminary-C 2020"]
[Site "Online"]
[Date "2020.12.19"]
[Round "7.1"]
[White "Heric, Meta"]
[Black "Jaufarally, Nadia"]
[Result "0-1"]
[ECO "B23"]
[WhiteElo "1318"]
[BlackElo "1905"]
[Annotator "NA"]
[PlyCount "34"]
[EventDate "2020.12.19"]
[EventType "team-tourn"]
[EventCountry "NET"]
[SourceTitle "playchess.com"]
[Source "ChessBase"]
[SourceQuality "1"]
[TimeControl "900+5"]

1. e4 c5 2. Nc3 g6 3. f4 Bg7 4. Nf3 Nc6 5. Bb5 Nd4 6. O-O a6 7. Be2 d6 8. e5 Nxf3+ 9. Rxf3 dxe5 10. fxe5 Bxe5 11. Bc4 Qd4+ 12. Kh1 Qxc4 13. d3 Qh4 14. h3 Bg4 15. Nd5 Bxf3 16. Qxf3 Qe1+ 17. Qf1 Qxf1# 0-1